 Dungeon Crawl Stone Soup version 0.29-a0-323-g050149af67 (webtiles) character file.

Game seed: 10280596867120580452

932 garrulousMonolith the Chopper (level 8, -9/69 HPs)
             Began as a Hill Orc Fighter on Apr 11, 2022.
             Was a Believer of Beogh.
             Killed from afar by an orc wizard (10 damage)
             ... with a magic dart
             ... on level 4 of the Dungeon.
             The game lasted 00:05:18 (5347 turns).

garrulousMonolith the Chopper (Hill Orc Fighter)    Turns: 5347, Time: 00:05:18

Health: -9/69      AC: 11    Str: 19    XL:     8   Next: 11%
Magic:  8/10       EV:  7    Int: 10    God:    Beogh [**....]
Gold:   276        SH:  4    Dex: 10    Spells: 7/7 levels left

rFire   + . .      SeeInvis .   a - +0 war axe
rCold   + . .      Faith    .   c - +0 buckler
rNeg    . . .      Spirit   .   g - +0 chain mail
rPois   +          Reflect  .   (no helmet)
rElec   +          Harm     .   (no cloak)
rCorr   +          Rampage  .   p - +0 pair of gloves
Will    .....                   (no boots)
Stlth   ..........              (no amulet)
HPRegen 0.21/turn               m - ring of poison resistance
MPRegen 0.12/turn               (no ring)

@: lethally poisoned (-9 -> -13), about to teleport, resistant
A: no striking features
a: Renounce Religion, Smiting


You were on level 4 of the Dungeon.
You worshipped Beogh.
Beogh was pleased with you.
You visited 1 branch of the dungeon, and saw 4 of its levels.
You also visited: Sewer.

You collected 276 gold pieces.

Inventory:

Hand Weapons
 a - a +0 war axe (weapon)
Missiles
 n - 4 boomerangs (quivered)
Armour
 c - a +0 buckler (worn)
 g - a +0 chain mail (worn)
 p - a +0 pair of gloves (worn)
 q - a +0 buckler
Jewellery
 m - a ring of poison resistance (left hand)
 w - the ring of Wudity {Fly Str+2 SInv}
   (You found it on level 3 of the Dungeon)

   [ring of flight]

   Str:       It affects your strength (+2).
   SInv:      It lets you see invisible.
   Fly:       It grants you flight.
Scrolls
 h - 3 scrolls of fog
 i - a scroll of brand weapon {unknown}
 j - a scroll of acquirement {unknown}
 k - a scroll of torment {unknown}
 l - 4 scrolls of teleportation
 s - a scroll of enchant weapon {unknown}
 t - a scroll of summoning {unknown}
Potions
 b - a potion of resistance
 d - a potion of mutation {unknown}
 e - a potion of lignification {unknown}
 f - a potion of attraction {unknown}
 r - a potion of haste {unknown}
 u - 2 potions of brilliance
 v - a potion of magic {unknown}
 x - 2 potions of flight {unknown}


   Skills:
 + Level 5.4 Fighting
 * Level 7.1 Axes
 + Level 4.9 Armour
 + Level 2.5 Dodging
 + Level 4.8 Shields
 + Level 3.8 Invocations


You had 7 spell levels left.
You didn't know any spells.
Your spell library contained the following spells:

 Spells                   Type           Power      Damage    Failure   Level
 Shock                    Conj/Air       0%         1d3       99%         1
 Ignite Poison            Fire/Tmut/Pois 0%         N/A       100%        3
 Inner Flame              Hex/Fire       0%         N/A       100%        3
 Swiftness                Air            0%         N/A       100%        3
 Airstrike                Air            0%         N/A       100%        4
 Cause Fear               Hex            0%         N/A       100%        4
 Irradiate                Conj/Tmut      0%         3d13      100%        5
 Statue Form              Tmut/Erth      0%         N/A       100%        6
 Discord                  Hex            0%         N/A       100%        8


Dungeon Overview and Level Annotations

Branches:
Dungeon (4/15)              Sewer (visited)
 Temple: D:4-7

Altars:
Fedhas
Gozag
Kikubaaqudgha
Nemelex Xobeh
Trog
Vehumet


Message History

The orc barely misses you. Something hits you but does no damage.
You are more poisoned.
You bump into the rock wall.
You feel very sick. The orc hits you with a +0 mace. Something hits you.
You bump into the rock wall.
You feel very sick. The orc hits you but does no damage.
Something hits you but does no damage.
You are more poisoned.
You bump into the crystal wall.
You feel very sick. The orc hits you with a +0 mace.
* * * LOW HITPOINT WARNING * * *
Something hits you.
* * * LOW HITPOINT WARNING * * *
You bump into the crystal wall.
* * * LOW HITPOINT WARNING * * *
You feel very sick. Something hits you but does no damage.
The orc closely misses you.
You feel protected.
You feel less confused.
* * * LOW HITPOINT WARNING * * *
You feel very sick. Something hits you.
* * * LOW HITPOINT WARNING * * *
The orc hits you with a +0 mace.
* * * LOW HITPOINT WARNING * * *
Okay, then.
As you read the scroll labelled TUUB KOPET, it crumbles to dust.
You feel strangely unstable.
It was a scroll of teleportation.
* * * LOW HITPOINT WARNING * * *
You feel sick. Something hits you but does no damage.
You block the orc's attack.
You hit something. You barely miss the orc.
* * * LOW HITPOINT WARNING * * *
You feel sick.
You hear some strange, mumbled words.
A magic dart appears from out of thin air!
The magic dart hits you!
You die...
Beogh appreciates something's killing of a heretic priest.

#........###.........
.........# #.........
...###...##..........
# ##..............
#####....##.##.##.##
#...#...## # ##
#.#....##..#
#.#####..#
#.#@ozS##.# #..{##..#
# #....#......#
##..####..#... ##.
..# ### #. ..# #.
...# .. ... ..


You could see a wight, an orc and a ball python.

Vanquished Creatures
  Pikel (D:4)
  2 bullfrogs (Sewer)
  2 orc priests (D:4)
  An orc wizard (D:4)
  10 adders
  5 river rats (Sewer)
  3 dart slugs (D:1)
  7 orcs
  4 bats
  5 endoplasms
  A giant cockroach (D:3)
  7 goblins
  7 hobgoblins
  8 jackals
  6 kobolds
  A quokka (D:3)
  17 ball pythons
  2 frilled lizards
  35 rats
124 creatures vanquished.

Vanquished Creatures (others)
  An endoplasm (D:2)
1 creature vanquished.

Grand Total: 125 creatures vanquished

Notes
Turn   | Place    | Note
-------+----------+-------------------------------------------
     0 | D:1      | garrulousMonolith the Hill Orc Fighter began the quest for
                  | the Orb.
     0 | D:1      | Reached XP level 1. HP: 19/19 MP: 1/1
    88 | D:1      | Reached skill level 3 in Axes
    97 | D:1      | Reached XP level 2. HP: 15/27 MP: 2/2
   748 | D:1      | Reached XP level 3. HP: 30/33 MP: 3/3
   875 | D:1      | Got the Tome of Earth and Moulding
  1031 | D:2      | Reached skill level 1 in Invocations
  1269 | D:2      | Became a worshipper of Beogh the Brigand
  1441 | D:2      | Reached skill level 4 in Axes
  1454 | D:2      | Reached XP level 4. HP: 12/40 MP: 4/4
  2603 | D:3      | Reached skill level 1 in Dodging
  2660 | D:3      | Found a blossoming altar of Fedhas.
  2682 | D:3      | Found a glowing drain.
  2691 | Sewer    | Entered a sewer
  2850 | Sewer    | Reached XP level 5. HP: 29/46 MP: 6/6
  3099 | Sewer    | Reached * piety under Beogh
  3330 | Sewer    | Reached ** piety under Beogh
  3331 | Sewer    | Reached skill level 5 in Axes
  3467 | Sewer    | Reached XP level 6. HP: 33/53 MP: 7/7
  3658 | D:3      | Found an ancient bone altar of Kikubaaqudgha.
  3684 | D:3      | Identified the +1 leather armour of Noofuikh {Fly MP+9
                  | Str+4 Dex-4}
  3800 | D:3      | Identified the ring of Wudity {Fly Str+2 SInv}
  3828 | D:3      | Found a bloodstained altar of Trog.
  4013 | D:3      | Found an opulent altar of Gozag.
  4013 | D:3      | Found a sparkling altar of Nemelex Xobeh.
  4344 | D:4      | Found a radiant altar of Vehumet.
  4478 | D:4      | Noticed Pikel
  4549 | D:4      | Killed Pikel
  4550 | D:4      | Reached skill level 5 in Fighting
  4550 | D:4      | Reached skill level 6 in Axes
  4550 | D:4      | Reached XP level 7. HP: 15/61 MP: 5/9
  4959 | D:4      | Reached XP level 8. HP: 67/68 MP: 10/10
  4966 | D:4      | Reached skill level 7 in Axes
  5346 | D:4      | HP: 3/69 [poisoned by an orc wizard]
  5347 | D:4      | HP: 1/69 [poisoned by an orc wizard]
  5347 | D:4      | Killed from afar by an orc wizard

Illustrated notes

Levels and vault maps discovered:
D:1:      lemuel_arrival_muddy, layout_loops_cross
D:2:      layout_basic, hex_large
D:3:      layout_basic, trog_three_pillars_becter,
          grunt_temple_overflow_opulence, mainiacjoe_overflow_six_doors_small,
          mainiacjoe_overflow_alcove_4, cheibrodos_sewer_entry_drain,
          serial_glass, glass_columns_a, glass_columns_a, glass_columns_a,
          glass_columns_a
D:4:      layout_layer_cave, nicolae_vehumet_altar_sigil,
          minmay_manual_macuahuitl, uniq_pikel

Skill      XL: |  1  2  3  4  5  6  7  8 |
---------------+-------------------------+-----
Axes           | 3 4 5 6 7 |  7.1
Invocations    | 1 2 3 |  3.8
Fighting       | 4 5 |  5.4
Dodging        | 1 2 |  2.5
Armour         | 4 |  4.9
Shields        | 4 |  4.8

Action                   |  1- 3 |  4- 6 |  7- 9 || total
-------------------------+-------+-------+-------++-------
Melee: War axe           |   120 |   179 |    23 ||   322
Invok: Convert to Beogh  |     1 |       |       ||     1
       Smiting           |       |     1 |     1 ||     2
  Use: Potion            |     1 |     4 |     4 ||     9
       Scroll            |     1 |     3 |     1 ||     5
Armor: Scale mail        |    27 |       |       ||    27
       Chain mail        |    41 |   161 |    16 ||   218
Dodge: Dodged            |    44 |    91 |     9 ||   144
Block: Buckler           |    33 |    61 |     6 ||   100

Table legend: (Time is in decaauts)
 A = Elapsed time spent in this place.
 B = Non-inter-level travel time spent in this place.
 C = Inter-level travel time spent in this place.
 D = Time resting spent in this place.
 E = Time spent auto-exploring this place.
 F = Levels seen in this place.
 G = Mean time per level.
                   A        B        C        D        E       F      G
               +--------+--------+--------+--------+--------+-----+--------+
         Total |   5495 |   5358 |    137 |    901 |   3525 |   5 | 1099.0 |
       Dungeon |   4487 |   4350 |    137 |    407 |   3271 |   4 | 1121.8 |
         Sewer |   1008 |   1008 |      0 |    494 |    253 |   1 | 1008.0 |
               +--------+--------+--------+--------+--------+-----+--------+

Top non-repeatable levels by time:
     D:2: 1345 daAuts
     D:3: 1082 daAuts
     D:4: 1052 daAuts
     D:1: 1008 daAuts
   Sewer: 1008 daAuts
